AoeStats
← sony910505

Oasis

508597485Analyzed
3v3 RM · 10d ago on Sep 23, 2026· 50m 2s· 6 players
Game mode
Random Map
Map size
Normal (6 player)
Population
200
Speed
Normal
Resources
Standard
Victory
Conquest
Starting age
Dark Age
Ending age
Imperial Age
RankedLock teamsTeams togetherTeam positionsShared explorationLock speedFull tech treeHidden civsTurbo modeCheats
Victory
Defeat
🇹🇼 Britons · Taiwan
1015
+15
🇹🇼 Shu · Taiwan
1014
+15
🇹🇼 Magyars · Taiwan
935
+17
🇲🇽 Bulgarians · Mexico
1039
-18
🇲🇽 Franks · Mexico
991
-16
🇲🇽 Britons · Mexico
921
-37
Knight_Romero83
10:58 Feudal Age
15:45 Forging
15:35 Scale Mail Armor
20:54 Castle Age
19:01 Fletching
19:12 Padded Archer Armor
19:21 Double-Bit Axe
20:12 Horse Collar
22:11 Bow Saw
22:24 Loom
23:15 Wheelbarrow
22:25 Elite Skirmisher
24:12 Heavy Plow
26:17 Bodkin Arrow
28:30 Wheelbarrow
30:53 Hand Cart
30:43 Town Watch
35:50 Stirrups
37:26 Scale Barding Armor
37:57 Iron Casting
38:16 Chain Barding Armor
41:49 Chain Mail Armor
42:40 Leather Archer Armor
45:20 Imperial Age
43:21 Thumb Ring
47:17 Chemistry
ReBeL_PuMa
3:49 Loom
11:50 Feudal Age
14:47 Wheelbarrow
19:05 Castle Age
19:47 Town Watch
20:38 Wheelbarrow
20:10 Double-Bit Axe
21:01 Scale Barding Armor
21:57 Scale Mail Armor
23:15 Husbandry
24:07 Forging
24:09 Pikeman
24:35 Gambesons
30:56 Chain Mail Armor
32:21 Gold Mining
33:50 Iron Casting
34:07 Treadmill Crane
39:39 Imperial Age
41:47 Plate Mail Armor
42:44 Stone Mining
45:53 Blast Furnace
44:57 Squires
47:55 Halberdier
alexdace1982
1:29 Loom
13:26 Feudal Age
19:39 Wheelbarrow
18:50 Town Watch
29:09 Horse Collar
38:01 Castle Age
Eagle
7:26 Loom
9:52 Feudal Age
11:20 Double-Bit Axe
19:33 Castle Age
19:11 Bloodlines
19:47 Light Cavalry
20:28 Husbandry
23:45 Wheelbarrow
22:58 Horse Collar
26:44 Town Watch
27:20 Bow Saw
29:17 Hand Cart
29:35 Scale Barding Armor
33:47 Chain Barding Armor
34:33 Heavy Plow
46:24 Gold Mining
46:29 Stone Mining
51:56 Imperial Age
sony910505
8:21 Loom
11:11 Feudal Age
17:02 Castle Age
15:18 Double-Bit Axe
21:02 Bow Saw
22:31 Wheelbarrow
23:51 Fletching
24:01 Padded Archer Armor
24:37 Bodkin Arrow
25:31 Leather Archer Armor
27:05 Pikeman
28:35 Town Watch
36:56 Hand Cart
43:17 Imperial Age
40:51 Town Patrol
42:01 Gambesons
42:19 Squires
42:05 Arson
44:23 Bracer
44:53 Ring Archer Armor
44:48 Halberdier
studet515
12:14 Feudal Age
18:10 Wheelbarrow
19:16 Double-Bit Axe
19:24 Gold Mining
19:19 Horse Collar
22:47 Castle Age
22:00 Stone Mining
23:54 Crossbowman
24:53 Scale Mail Armor
25:04 Forging
26:31 Bow Saw
26:28 Heavy Plow
27:02 Pikeman
29:48 Chain Mail Armor
29:25 Fletching
30:23 Gold Shaft Mining
32:14 Coiled Serpent Array
36:11 Hand Cart
38:34 Squires
38:21 Arson
38:35 Bodkin Arrow
41:11 Town Watch
51:46 Imperial Age
50:17 Husbandry
Connection lost

Rejoining the realm…

Still unreachable

The connection could not be restored.

Session expired

The server has moved on; the page needs a fresh start.